 Dungeon Crawl Stone Soup version 0.29-a0-352-g0917bc69df (webtiles) character file.

Game seed: 3266797880252763194

16469 Agony the Basher (level 12, 0/122 HPs)
             Began as a Troll Fighter on Apr 24, 2022.
             Was a High Priest of Okawaru.
             Slain by a skeletal warrior
             ... wielding a +0 scimitar
             ... led by a skeletal warrior
              (15 damage)
             ... on level 11 of the Dungeon.
             The game lasted 00:42:57 (10695 turns).

Agony the Basher (Troll Fighter)                   Turns: 10695, Time: 00:42:57

Health: 0/122      AC:  8    Str: 29    XL:     12   Next: 10%
Magic:  13/15      EV: 13    Int:  4    God:    Okawaru [*****.]
Gold:   358        SH: 11    Dex: 11    Spells: 11/11 levels left

rFire   . . .      SeeInvis .   P - +0 demon whip (venom)
rCold   . . .      Faith    .   c - +0 kite shield
rNeg    + . .      Spirit   .   a - +1 robe {rN+}
rPois   .          Reflect  .   N - +2 hat
rElec   .          Harm     .   g - +0 cloak
rCorr   .          Rampage  .   (gloves unavailable)
Will    .....                   (boots unavailable)
Stlth   +++.......              d - amulet of the acrobat
HPRegen 1.10/turn               (no ring)
MPRegen 0.14/turn               (no ring)

@: heroic, hasted, very quick
A: large, unfitting armour, claws 3, regeneration 1, shaggy fur 1, tough skin 1
a: Renounce Religion, Heroism, Finesse, Duel


You were on level 11 of the Dungeon.
You worshipped Okawaru.
Okawaru was extremely pleased with you.
You visited 2 branches of the dungeon, and saw 12 of its levels.
You also visited: Sewer.

You collected 610 gold pieces.
You spent 252 gold pieces at shops.

Inventory:

Hand Weapons
 i - a +0 morningstar
 y - a +1 vorpal flail
 O - a +4 dire flail
 P - a +0 demon whip of venom (weapon)
Missiles
 h - 5 throwing nets (quivered)
 E - 3 javelins
Armour
 a - a +1 robe of positive energy (worn)
 c - a +0 kite shield (worn)
 g - a +0 cloak (worn)
 x - a +1 robe of fire resistance
 I - a +0 robe of cold resistance
 N - a +2 hat (worn)
Jewellery
 d - an amulet of the acrobat (around neck)
Wands
 b - a wand of iceblast (4)
 A - a wand of digging (24)
 C - a wand of paralysis (16)
 H - a wand of polymorph (3)
Scrolls
 f - a scroll of holy word
 k - a scroll of acquirement {unknown}
 l - 2 scrolls of summoning {unknown}
 o - 2 scrolls of amnesia {unknown}
 r - a scroll of enchant armour {unknown}
 t - a scroll of enchant weapon {unknown}
 v - 3 scrolls of magic mapping
 w - 3 scrolls of teleportation
 z - 2 scrolls of brand weapon {unknown}
 B - 4 scrolls of blinking {unknown}
 F - 3 scrolls of noise {unknown}
 K - a scroll of immolation {unknown}
 M - a scroll of fear {unknown}
Potions
 e - 2 potions of attraction
 j - 2 potions of heal wounds
 m - 3 potions of might
 n - 3 potions of curing
 p - a potion of cancellation
 q - 2 potions of flight
 s - 2 potions of mutation
 u - a potion of resistance
 D - 3 potions of haste
 G - 4 potions of brilliance
 J - 2 potions of lignification
 L - a potion of invisibility


   Skills:
 + Level 8.4(13.4) Fighting
 + Level 9.0(14.0) Maces & Flails
 + Level 8.4(13.4) Dodging
 + Level 8.5(13.5) Shields
 + Level 5.5 Invocations


You had 11 spell levels left.
You didn't know any spells.
Your spell library contained the following spells:

 Spells                   Type           Power      Damage    Failure   Level
 Blink                    Tloc           0%         N/A       80%         2
 Static Discharge         Conj/Air       0%         N/A       80%         2
 Conjure Flame            Conj/Fire      0%         6-21      95%         3
 Dazzling Flash           Conj/Hex       0%         N/A       95%         3
 Ignite Poison            Fire/Tmut/Pois 0%         N/A       95%         3
 Passage of Golubria      Tloc           0%         N/A       100%        4
 Sticky Flame             Conj/Fire      0%         2d3       100%        4
 Excruciating Wounds      Necr           0%         N/A       100%        5
 Lightning Bolt           Conj/Air       0%         1d11      100%        5
 Silence                  Hex/Air        0%         N/A       100%        5
 Orb of Destruction       Conj           0%         9d5       100%        7
 Borgnjor's Revivificati  Necr           0%         N/A       100%        8
 Lehudib's Crystal Spear  Conj/Erth      0%         10d2      100%        8
 Maxwell's Capacitive Co  Air            0%         ∞         100%        8
 Summon Guardian Golem    Hex/Summ       Unusable   N/A       N/A         3
 Simulacrum               Ice/Necr       Unusable   N/A       N/A         6
 Spellforged Servitor     Conj/Summ      Unusable   N/A       N/A         7

Dungeon Overview and Level Annotations

Branches:
Dungeon (11/15)            Temple (1/1) D:5            Lair (0/6) D:11
  Sewer (visited)
    Orc: D:9-12

Altars:
Ashenzari
Cheibriados
Dithmenos
Elyvilon
Fedhas
Gozag
Hepliaklqana
Kikubaaqudgha
Makhleb
Nemelex Xobeh
Okawaru
Qazlal
Ru
Sif Muna
Trog
Uskayaw
Vehumet
Wu Jian
Xom
Yredelemnul
Zin
The Shining One

Shops:
D:3 **   D:8 [

Annotations:
D:4 1 runed translucent door, Crazy Yiuf
D:10 2 transporters, Jortsu's ghost, journeyman GrFi
D:11 1 runed translucent door, Morbidden's ghost, journeyman TrEE


Innate Abilities, Weirdness & Mutations

You are too large for most types of armour.
You have claws for hands.
Your natural rate of healing is unusually fast.
You are covered in fur. (AC +1)
You have tough skin. (AC +1)


Message History

You closely miss the skeletal warrior.
The skeletal warrior hits you with a +0 flail!
You hit the skeletal warrior but do no damage.
The skeletal warrior misses you.
You block the skeletal warrior's attack.
You block the skeletal warrior's attack.
The skeletal warrior attacks as you move away!
The skeletal warrior closely misses you.
The skeletal warrior attacks as you move away!
The skeletal warrior misses you.
The skeletal warrior attacks as you move away!
The skeletal warrior hits you with a +0 flail!
The skeletal warrior attacks as you move away!
The skeletal warrior misses you.
The skeletal warrior attacks as you move away!
The skeletal warrior hits you with a +0 scimitar!!
The skeletal warrior attacks as you move away!
The skeletal warrior misses you.
You gain the combat prowess of a mighty hero.
You block the skeletal warrior's attack.
The skeletal warrior hits you with a +0 flail.
You whack the skeletal warrior!
The skeletal warrior is moderately damaged.
You hit the skeletal warrior but do no damage.
The skeletal warrior is moderately damaged.
The skeletal warrior hits you with a +0 scimitar!!
The skeletal warrior hits you but does no damage.
You hit the skeletal warrior but do no damage.
The skeletal warrior is moderately damaged.
The skeletal warrior hits you with a +0 scimitar!!
* * * LOW HITPOINT WARNING * * *
You feel much better.
The skeletal warrior hits you with a +0 flail!
* * * LOW HITPOINT WARNING * * *
The skeletal warrior hits you with a +0 scimitar.
* * * LOW HITPOINT WARNING * * *
You feel yourself speed up.
The skeletal warrior closely misses you.
The skeletal warrior hits you with a +0 scimitar!
You die...

.......†#............. ..≈≈≈≈.≈.≈
.......<#............. ...≈≈≈≈≈.≈
........#####.....######..≈≈≈≈z.≈
...........................≈≈≈≈.≈
...........................≈≈≈≈.≈
..........................≈≈≈....
..........................≈≈≈....
...#..).#...############...≈≈....
...#....#.......@z........≈≈.≈.>.
.. #....#........z........≈≈≈....
#....#................≈≈≈≈.≈.≈
##############....≈≈≈≈≈≈
...........≈≈≈≈≈≈
..........≈≈≈≈.≈≈
..............≈≈.
.........≈....≈.≈
..............≈.≈


You could see 2 skeletal warriors.

Vanquished Creatures
  Erolcha (D:9)
  6 two-headed ogres
  Amaemon (D:10)
  Pikel (D:4)
  An orange demon (D:10)
  2 kobold demonologists (D:11)
  2 trolls
  3 wyverns
  A shadow (D:11)
  2 wraiths
  A vampire (D:10)
  16 yaks
  4 humans (D:10)
  Eustachio (D:4)
  3 steam dragons
  10 vampire mosquitoes
  Edmund (D:6)
  An acid dragon (D:10)
  A water moccasin (D:6)
  4 orc warriors
  A sky beast (D:7)
  Pargi (Sewer)
  2 black bears
  An ice beast (D:7)
  An ogre (D:5)
  2 wolves
  4 centaurs
  2 phantoms
  7 kobold brigands
  2 necrophages
  A gnoll sergeant (D:8)
  A scorpion (D:5)
  4 wights
  3 killer bees (D:8)
  6 electric eels
  3 howler monkeys
  6 hounds
  5 orc priests
  2 gnoll shamans (D:8)
  4 iguanas
  Jessica (D:3)
  7 orc wizards
  15 gnolls
  9 adders
  2 ufetubi
  3 dart slugs
  4 worms
  27 orcs
  8 ball pythons
  5 endoplasms
  2 giant cockroaches
  2 goblins
  3 hobgoblins (D:4)
  8 jackals
  5 quokkas
  3 bats
  5 frilled lizards
  20 kobolds
  7 rats
256 creatures vanquished.

Vanquished Creatures (others)
  A shadow (D:10)
  An orc wizard (D:8)
2 creatures vanquished.

Grand Total: 258 creatures vanquished

Notes
Turn   | Place    | Note
-------+----------+-------------------------------------------
     0 | D:1      | Agony the Troll Fighter began the quest for the Orb.
     0 | D:1      | Reached XP level 1. HP: 22/22 MP: 0/0
   193 | D:1      | Reached skill level 2 in Maces & Flails
   193 | D:1      | Reached XP level 2. HP: 29/29 MP: 1/1
   326 | D:1      | Found a faded altar of an unknown god.
   616 | D:2      | Reached XP level 3. HP: 33/36 MP: 2/2
  1220 | D:2      | Reached XP level 4. HP: 42/44 MP: 3/3
  1594 | D:3      | Found Eblitwo's Assorted Antiques.
  1628 | D:3      | Found a glowing drain.
  1685 | Sewer    | Entered a sewer
  1709 | Sewer    | Noticed Pargi
  1714 | Sewer    | Killed Pargi
  1715 | Sewer    | Reached skill level 3 in Maces & Flails
  1715 | Sewer    | Reached XP level 5. HP: 53/53 MP: 4/4
  1915 | D:3      | Found Ulymey Lorue's General Store.
  1920 | D:3      | Bought a scroll of identify for 22 gold pieces
  1920 | D:3      | Bought a scroll of identify for 22 gold pieces
  1996 | D:3      | Noticed Jessica
  2011 | D:3      | Killed Jessica
  2012 | D:3      | Reached XP level 6. HP: 52/61 MP: 5/5
  2136 | D:3      | Found a sparkling altar of Nemelex Xobeh.
  2137 | D:3      | Found a glowing silver altar of Zin.
  2304 | D:4      | Noticed Pikel
  2305 | D:4      | Noticed Eustachio
  2314 | D:4      | Killed Pikel
  2315 | D:4      | Reached skill level 4 in Maces & Flails
  2315 | D:4      | Reached XP level 7. HP: 70/70 MP: 6/6
  2451 | D:4      | Killed Eustachio
  2809 | D:4      | Found a runed translucent door.
  2810 | D:4      | Noticed Crazy Yiuf
  2973 | D:4      | Found a white marble altar of Elyvilon.
  2980 | D:4      | Found a shimmering altar of Xom.
  2986 | D:4      | Found a hazy altar of Hepliaklqana.
  2995 | D:4      | Found a blossoming altar of Fedhas.
  3001 | D:4      | Found a glowing golden altar of the Shining One.
  3009 | D:4      | Found a snail-covered altar of Cheibriados.
  3015 | D:4      | Found an ornate altar of the Wu Jian Council.
  3203 | D:5      | Entered Level 5 of the Dungeon
  3403 | D:5      | Reached XP level 8. HP: 79/79 MP: 7/7
  3437 | D:5      | Found a stormy altar of Qazlal.
  3578 | D:5      | Got the Incunabulum of Confrontation and Orientation
  3892 | D:5      | Found a staircase to the Ecumenical Temple.
  3899 | Temple   | Entered the Ecumenical Temple
  3926 | Temple   | Became a worshipper of Warmaster Okawaru
  4076 | D:6      | Noticed Edmund
  4098 | D:6      | Killed Edmund
  4099 | D:6      | Reached skill level 5 in Maces & Flails
  4099 | D:6      | Reached skill level 5 in Dodging
  4099 | D:6      | Reached skill level 5 in Shields
  4400 | D:6      | Reached skill level 5 in Fighting
  4634 | D:6      | Reached * piety under Okawaru
  4635 | D:6      | Reached XP level 9. HP: 72/88 MP: 8/8
  5099 | D:6      | Found an ancient bone altar of Kikubaaqudgha.
  5721 | D:7      | Reached skill level 6 in Maces & Flails
  6024 | D:7      | Reached ** piety under Okawaru
  6044 | D:7      | Identified the +2 robe of Upaupor {Rampage}
  6669 | D:8      | Got Kikubaaqudgha's Compendium of Necromancy
  6714 | D:8      | Noticed a two-headed ogre
  6723 | D:8      | Killed a two-headed ogre
  6723 | D:8      | Reached *** piety under Okawaru
  6724 | D:8      | Reached XP level 10. HP: 48/100 MP: 6/9
  6963 | D:8      | Reached skill level 7 in Maces & Flails
  7054 | D:8      | Found Ebonat's Armour Shop.
  7058 | D:8      | Bought a +2 hat for 208 gold pieces
  7089 | D:8      | Found a radiant altar of Vehumet.
  7277 | D:8      | Reached skill level 1 in Invocations
  7583 | D:9      | Reached **** piety under Okawaru
  7812 | D:9      | Noticed a two-headed ogre
  7831 | D:9      | Killed a two-headed ogre
  7945 | D:9      | Noticed a two-headed ogre
  7965 | D:9      | Killed a two-headed ogre
  7970 | D:9      | Reached ***** piety under Okawaru
  8141 | D:9      | Noticed Erolcha
  8220 | D:9      | Killed Erolcha
  8221 | D:9      | Reached XP level 11. HP: 62/109 MP: 9/12
  8338 | D:9      | Reached skill level 8 in Maces & Flails
  8513 | D:10     | Entered Level 10 of the Dungeon
  8766 | D:10     | Received a gift from Okawaru
  8982 | D:10     | Found a transporter.
  8982 | D:10     | Noticed a two-headed ogre
  8983 | D:10     | Noticed Jortsu's ghost (journeyman GrFi)
  8983 | D:10     | Noticed a two-headed ogre
  8984 | D:10     | Noticed a two-headed ogre
  8985 | D:10     | Identified the +3 giant club of the Lurker {vorpal, rF+ rC+
                  | rN+++ Str-5}
  8985 | D:10     | Noticed a two-headed ogre
  8987 | D:10     | Found a transporter.
  9221 | D:10     | Noticed Amaemon
  9242 | D:10     | HP: 4/111 [orange demon[Amaemon] (8)]
  9395 | D:10     | Killed Amaemon
  9630 | D:11     | Noticed a two-headed ogre
  9640 | D:11     | Killed a two-headed ogre
  9641 | D:11     | Reached skill level 5 in Invocations
  9678 | D:11     | Noticed Morbidden's ghost (journeyman TrEE)
  9683 | D:11     | Noticed a two-headed ogre
  9691 | D:11     | Killed a two-headed ogre
  9845 | D:11     | Found a runed translucent door.
  9884 | D:11     | Noticed a two-headed ogre
  9897 | D:11     | Killed a two-headed ogre
  9898 | D:11     | Reached XP level 12. HP: 60/120 MP: 14/14
 10127 | D:11     | Reached ****** piety under Okawaru
 10128 | D:11     | Reached skill level 9 in Maces & Flails
 10501 | D:11     | Found a staircase to the Lair.
 10572 | D:11     | Found a bloodstained altar of Trog.
 10695 | D:11     | Slain by a skeletal warrior

Illustrated notes

Levels and vault maps discovered:
D:1:      dpeg_arrival_rooms_a, layout_basic, basic_ecumenical_altar,
          minmay_hexomino_f4
D:2:      layout_basic, minmay_tiny_reverse_x
D:3:      layout_basic, gammafunk_temple_overflow_statue, serial_shops, shop,
          nicolae_shop_hallway_plus, cheibrodos_sewer_entry_bend, uniq_jessica
D:4:      layout_loops_ring, grunt_temple_overflow_octagram,
          uniq_crazy_yiuf_cottage, uniq_eustachio, uniq_pikel
D:5:      layout_gridville, mainiacjoe_overflow_surrounded_room,
          minmay_temple_entry_junction
D:6:      layout_basic, nicolae_overflow_hidden_temple, serial_glass,
          glass_columns_a, glass_columns_b, glass_columns_b, glass_columns_b,
          minivault_11, minivault_4, uniq_edmund
D:7:      layout_loops_corners, minivault_27, minmay_crystal_water
D:8:      layout_cave_pools, kennysheep_mini_moat, serial_gnoll_camp,
          gnoll_camp_mini_loothouse, gnoll_camp_medium_01, gnoll_camp_mini_shop,
          gnoll_camp_mini_house
D:9:      layout_rooms, grunt_ministairs_9, corexii_hall_statues_u, uniq_erolcha
D:10:     layout_roguey, gammafunk_ghost_smash, minmay_ruffians, uniq_amaemon
D:11:     layout_grid_maze, erik_lair_island, hellmonk_ghost_happy_afterlife,
          tgw_trog
Temple:   cyrus_temple_forest

Skill      XL: |  1  2  3  4  5  6  7  8  9 10 11 12 |
---------------+-------------------------------------+-----
Maces & Flails | 2 3 4 5 6 7 8 9 |  9.0
Shields        | 3 4 5 6 7 8 |  8.5
Fighting       | 3 4 5 6 7 8 |  8.4
Dodging        | 3 4 5 6 7 8 |  8.4
Invocations    | 3 5 |  5.5

Action                   |  1- 3 |  4- 6 |  7- 9 | 10-12 || total
-------------------------+-------+-------+-------+-------++-------
Melee: Flail             |   121 |    83 |   328 |   464 ||   996
       Demon whip        |       |       |       |   191 ||   191
       Morningstar       |       |       |       |    13 ||    13
Throw: Throwing net      |       |       |       |     1 ||     1
Invok: Heroism           |       |       |     1 |     9 ||    10
Evoke: Wand              |       |       |     5 |     3 ||     8
  Use: Scroll            |     1 |     4 |     6 |     5 ||    16
       Potion            |       |     2 |     1 |     7 ||    10
 Stab: Sleeping          |       |     1 |       |       ||     1
Armor: Robe              |    43 |    29 |   161 |   185 ||   418
Dodge: Dodged            |    52 |    22 |   196 |   312 ||   582
Block: Kite shield       |    49 |    37 |   193 |   323 ||   602

Table legend: (Time is in decaauts)
 A = Elapsed time spent in this place.
 B = Non-inter-level travel time spent in this place.
 C = Inter-level travel time spent in this place.
 D = Time resting spent in this place.
 E = Time spent auto-exploring this place.
 F = Levels seen in this place.
 G = Mean time per level.
                   A        B        C        D        E       F      G
               +--------+--------+--------+--------+--------+-----+--------+
         Total |  10906 |  10330 |    576 |   1106 |   6023 |  13 |  838.9 |
       Dungeon |  10646 |  10107 |    539 |   1106 |   5966 |  11 |  967.8 |
        Temple |     83 |     46 |     37 |      0 |     30 |   1 |   83.0 |
         Sewer |    175 |    175 |      0 |      0 |     27 |   1 |  175.0 |
               +--------+--------+--------+--------+--------+-----+--------+

Top non-repeatable levels by time:
     D:7: 1320 daAuts
     D:6: 1257 daAuts
     D:9: 1082 daAuts
    D:11: 1069 daAuts
     D:2: 1035 daAuts
     D:8: 1016 daAuts
    D:10: 980 daAuts
     D:4: 939 daAuts
     D:5: 772 daAuts
     D:3: 662 daAuts
     D:1: 511 daAuts
   Sewer: 175 daAuts
  Temple: 83 daAuts
